 Dungeon Crawl Stone Soup version 0.25.1-2-g60ff931df9 (webtiles) character file.

Game seed: 7591232793437736368

3189 DildoBatman the Conjurer (level 10, -8/73 HPs)
             Began as a Formicid Wizard on Sept 5, 2020.
             Was a High Priest of Kikubaaqudgha.
             Mangled by a death yak (28 damage)
             ... on level 8 of the Dungeon.
             The game lasted 00:32:49 (8632 turns).

DildoBatman the Conjurer (Formicid Wizard)          Turns: 8632, Time: 00:32:50

Health: -8/73      AC:  8    Str: 12    XL:     10   Next: 16%
Magic:  7/16       EV: 13    Int: 21    God:    Kikubaaqudgha [*****.]
Gold:   314        SH:  0    Dex:  9    Spells: 6/17 levels left

rFire    . . .     SeeInvis +   a - +1 hunting sling (freeze)
rCold    . . .     Gourm    .   (no shield)
rNeg     . . .     Faith    +   k - +0 robe
rPois    .         Spirit   .   (helmet unavailable)
rElec    .         Reflect  .   m - +0 cloak
rCorr    .         Harm     .   (no gloves)
MR       +....                  y - +0 pair of boots
Stlth    ++........             f - amulet of faith
HPRegen  0.22/turn              E - +4 ring of protection
MPRegen  0.15/turn              (no ring)

@: no status effects
A: permanent stasis, dig shafts and tunnels, four strong arms, antennae 3
a: Dig, Shaft Self, Receive Corpses, Torment, Renounce Religion


You were on level 8 of the Dungeon.
You worshipped Kikubaaqudgha.
Kikubaaqudgha was extremely pleased with you.
You were not hungry.

You visited 1 branch of the dungeon, and saw 8 of its levels.
You also visited: Sewer.

You collected 314 gold pieces.

Inventory:

Hand Weapons
 a - a +1 hunting sling of freezing (weapon)
 b - a +1 spear of venom
 d - a +1 flail of protection
 e - a +2 short sword of venom
Missiles
 g - 5 boomerangs
 j - 173 stones
 q - 94 bolts
 s - 30 poisoned darts (quivered)
 F - 67 arrows
 J - 8 silver javelins
 K - 21 sling bullets
Armour
 k - a +0 robe (worn)
 m - a +0 cloak (worn)
 y - a +0 pair of boots (worn)
 G - a +1 scale mail of fire resistance
Magical Staves
 h - an uncursed staff of fire {unknown}
 H - an uncursed staff of poison
Jewellery
 f - an amulet of faith (around neck)
 E - a +4 ring of protection (left hand)
Scrolls
 c - 3 scrolls of fear {unknown}
 i - 2 scrolls of magic mapping {unknown}
 p - 5 scrolls of teleportation {unknown}
 t - 2 scrolls of fog
 u - 3 scrolls of remove curse {unknown}
 z - a scroll of identify
 A - 3 scrolls of enchant armour {unknown}
 B - a scroll of amnesia {unknown}
 C - a scroll of blinking {unknown}
Potions
 l - 4 potions of heal wounds {unknown}
 n - 4 potions of degeneration {unknown}
 o - 2 potions of ambrosia {unknown}
 r - a potion of stabbing {unknown}
 w - 5 potions of brilliance
 x - 3 potions of flight {unknown}
 D - 8 potions of curing
Comestibles
 v - 16 rations
 I - a chunk of flesh


   Skills:
 * Level 4.8 Fighting
 * Level 4.8 Armour
 * Level 4.5 Dodging
 - Level 2.4 Stealth
 * Level 4.1 Spellcasting
 - Level 6.0 Conjurations
   Level 1.0 Summonings
 * Level 3.4 Necromancy
   Level 0.8 Translocations
 - Level 5.0 Fire Magic
 * Level 4.3 Air Magic


You had 6 spell levels left.
You knew the following spells:

 Your Spells              Type           Power        Failure   Level  Hunger
a - Conjure Flame         Conj/Fire      ####....     3%          3    ###....
c - Magic Dart            Conj           ####         1%          1    None
e - Mephitic Cloud        Conj/Pois/Air  ###.....     9%          3    ###....
h - Dispel Undead         Necr           ###.....     28%         4    ####...

Your spell library contained the following spells:

 Spells                   Type           Power        Failure   Level  Hunger
 Animate Skeleton         Necr           N/A          2%          1    None
 Pain                     Necr           ###.         2%          1    None
 Sublimation of Blood     Necr           ###.......   4%          2    #......
 Vampiric Draining        Necr           ###.......   9%          3    ###....
 Call Imp                 Summ           #.......     12%         2    #......
 Slow                     Hex            #.......     19%         2    #......
 Animate Dead             Necr           N/A          28%         4    ####...
 Agony                    Necr           ###.....     61%         5    ######.
 Borgnjor's Vile Clutch   Necr/Erth      ##........   85%         5    ######.
 Simulacrum               Ice/Necr       ##........   100%        6    #######
 Blink                    Tloc           Unusable     N/A         2    N/A

Dungeon Overview and Level Annotations

Branches:
Dungeon (8/15)             Temple (0/1) D:4            Lair (0/6) D:8
  Sewer (visited)

Altars:
Ashenzari
Cheibriados
Dithmenos
Elyvilon
Fedhas
Gozag
Hepliaklqana
Kikubaaqudgha
Okawaru
Qazlal
Ru
Sif Muna
Uskayaw
Wu Jian
Xom
The Shining One

Shops:
D:6 %   D:7 (

Annotations:
D:8 exclusion: shadow


Innate Abilities, Weirdness & Mutations

You cannot be hasted, slowed, berserked, paralysed or teleported.
You can dig through walls and to a lower floor.
Your four strong arms can wield two-handed weapons with a shield.
You have a pair of large antennae on your head. (SInv)


Message History

You throw a poisoned dart.
The poisoned dart barely misses the death yak.
Throwing (i - inventory. (/) - cycle)
s - 31 poisoned darts (quivered)
Press: ? - help, Shift-Dir - straight line, f/p - death yak
Aim: a death yak (lightly wounded, confused)
You throw a poisoned dart. The poisoned dart hits the death yak.
The death yak is lightly wounded.
The death yak seems less confused.
Casting: Mephitic Cloud (dangerous; 9% risk of failure)
Confirm with . or Enter, or press ? or * to list all spells.
Aiming: Mephitic Cloud (dangerous; 9% risk of failure)
Press: ? - help, Shift-Dir - straight line, f/p - death yak
Aim: a death yak The ball explodes into a vile cloud!
The stinking cloud engulfs the death yak but does no damage.
The death yak is engulfed in noxious fumes. x2
The death yak gores you!!
You die...
Kikubaaqudgha rasps: "You have failed me!
Welcome... death!"

#
########.####.##.##.#
#
#§§§R##............#
#
##§§###########.####
# ##### #(#
#######...### #(#
....##......#### #(#
##...##....#...# #.#
#........###..#####.#
#...##.##.#....@Y☼..#
######.###.##.#######
#.######.# #........#
##########


You could see a death yak.

Vanquished Creatures
  2 yaks (D:8)
  A hungry ghost (D:7)
  3 phantoms
  2 orc warriors (D:6)
  An ice beast (D:8)
  3 sky beasts
  2 ogres
  2 centaurs
  A big kobold (Sewer)
  4 bullfrogs
  3 scorpions
  3 killer bees (D:8)
  A howler monkey (D:6)
  2 jellies
  2 crimson imps
  4 hounds
  6 orc priests
  Terence (D:1)
  7 orc wizards
  2 worker ants
  2 hound skeletons
  A killer bee simulacrum (D:8)
  3 gnolls
  6 adders
  2 river rats
  2 shadow imps
  2 white imps (D:8)
  3 oozes
  4 dart slugs
  2 worms
  A leopard gecko (D:7)
  33 orcs
  10 giant cockroaches
  6 goblins
  5 hobgoblins
  14 jackals
  19 kobolds
  3 quokkas
  6 ball pythons
  4 bats
  5 frilled lizards
  A jackal zombie (D:6)
  2 leopard gecko skeletons
  A quokka skeleton (D:5)
  56 rats
245 creatures vanquished.

Notes
Turn   | Place    | Note
-------+----------+-------------------------------------------
     0 | D:1      | DildoBatman the Formicid Wizard began the quest for the
                  | Orb.
     0 | D:1      | Reached XP level 1. HP: 13/13 MP: 4/4
     8 | D:1      | Reached skill level 1 in Conjurations
    88 | D:1      | Reached XP level 2. HP: 10/19 MP: 3/6
   210 | D:1      | Reached skill level 2 in Conjurations
   485 | D:1      | Reached XP level 3. HP: 24/24 MP: 4/7
   833 | D:2      | Noticed Terence
  1112 | D:1      | Learned a level 3 spell: Conjure Flame
  1116 | D:1      | Learned a level 3 spell: Mephitic Cloud
  1805 | D:2      | Reached skill level 3 in Conjurations
  1945 | D:2      | Reached XP level 4. HP: 15/30 MP: 8/8
  2211 | D:3      | Found an opulent altar of Gozag.
  2402 | D:3      | Reached skill level 4 in Conjurations
  2402 | D:3      | Reached XP level 5. HP: 25/35 MP: 3/9
  2516 | D:3      | Found a shattered altar of Ashenzari.
  2663 | D:3      | Found a faded altar of an unknown god.
  2956 | D:3      | Found an ancient bone altar of Kikubaaqudgha.
  2960 | D:3      | Became a worshipper of Kikubaaqudgha
  2984 | D:3      | Reached skill level 5 in Conjurations
  2984 | D:3      | Reached XP level 6. HP: 32/41 MP: 3/10
  3395 | D:1      | Killed Terence
  3395 | D:1      | Reached skill level 1 in Fire Magic
  3512 | D:4      | Reached * piety under Kikubaaqudgha
  3512 | D:4      | Identified Kikubaaqudgha's Handbook of Necromancy
                  | (Kikubaaqudgha gifted it to you on level 4 of the Dungeon)
  3512 | D:4      | Received a gift from Kikubaaqudgha
  3558 | D:4      | Found a glowing golden altar of the Shining One.
  3564 | D:4      | Found a staircase to the Ecumenical Temple.
  3583 | D:4      | Reached skill level 1 in Air Magic
  3617 | D:4      | Noticed a phantom
  3647 | D:4      | HP: 2/41 [phantom (6)]
  3764 | D:4      | Found a glowing drain.
  3792 | Sewer    | Entered a sewer
  3920 | Sewer    | Reached XP level 7. HP: 37/46 MP: 6/11
  3996 | Sewer    | Reached ** piety under Kikubaaqudgha
  4587 | D:4      | Reached *** piety under Kikubaaqudgha
  4587 | D:4      | Identified Kikubaaqudgha's Volume of Necromancy
                  | (Kikubaaqudgha gifted it to you on level 4 of the Dungeon)
  4587 | D:4      | Received a gift from Kikubaaqudgha
  5016 | D:5      | Entered Level 5 of the Dungeon
  5073 | D:5      | Found an ornate altar of the Wu Jian Council.
  5126 | D:5      | Reached skill level 1 in Fighting
  5126 | D:5      | Reached skill level 1 in Armour
  5126 | D:5      | Reached skill level 6 in Conjurations
  5126 | D:5      | Reached XP level 8. HP: 53/54 MP: 9/12
  5683 | D:5      | Learned a level 4 spell: Dispel Undead
  6053 | D:5      | Reached **** piety under Kikubaaqudgha
  6175 | D:6      | Reached skill level 1 in Necromancy
  6175 | D:6      | Reached XP level 9. HP: 58/63 MP: 9/13
  6226 | D:6      | Found a snail-covered altar of Cheibriados.
  6607 | D:6      | Found an iron altar of Okawaru.
  6625 | D:6      | Found a stormy altar of Qazlal.
  6690 | D:6      | Found a blossoming altar of Fedhas.
  6855 | D:6      | Found Edwazadu's Food Shoppe.
  7282 | D:7      | Reached ***** piety under Kikubaaqudgha
  7606 | D:7      | Found Nuintot's Weapon Emporium.
  7695 | D:7      | Found a hide-covered altar of Uskayaw.
  7695 | D:7      | Found a shimmering altar of Xom.
  7695 | D:7      | Found a white marble altar of Elyvilon.
  7695 | D:7      | Found a shimmering blue altar of Sif Muna.
  7695 | D:7      | Found an iron altar of Okawaru.
  8002 | D:7      | Found a sacrificial altar of Ru.
  8099 | D:8      | Reached XP level 10. HP: 70/73 MP: 9/15
  8178 | D:8      | Found a hazy altar of Hepliaklqana.
  8181 | D:8      | Found a shadowy altar of Dithmenos.
  8233 | D:8      | Reached skill level 5 in Fire Magic
  8551 | D:8      | Found a staircase to the Lair.
  8551 | D:8      | Noticed a death yak
  8552 | D:8      | Noticed a death yak
  8556 | D:8      | Noticed a death yak
  8632 | D:8      | Mangled by a death yak

Illustrated notes

Levels and vault maps discovered:
D:1:      lightli_arrival_statuegarden, layout_rooms
D:2:      layout_basic, uniq_terence
D:3:      layout_basic, lemuel_doored_altar, old_standard_altar,
          lemuel_coloured_pillars_altar, chequers_ecumenical_altar_simple,
          grunt_ministairs_11, minmay_rat_hole
D:4:      layout_basic, kennysheep_mini_moat, minmay_temple_entry_mini_moons,
          cheibrodos_sewer_entry_sluice
D:5:      layout_loops_corners, basic_altar, first_ration
D:6:      layout_cave_pods, overflow_temple_1_default,
          overflow_temple_1_default, kennysheep_mini, serial_shops, shop,
          okawaru_trees_1
D:7:      layout_rooms, nicolae_ru_path_of_blood, grunt_temple_overflow_open,
          serial_shops, nicolae_shop_waterfront
D:8:      layout_loops_corners, riverfiend_overflow_shadow_ancestor,
          dpeg_lair_monsters, serial_ice, serial_ice_e, serial_ice_m,
          serial_ice_j, serial_ice_f, serial_ice_o, serial_ice_c, serial_ice_n,
          serial_ice_d

Skill      XL: |  1  2  3  4  5  6  7  8  9 10 |
---------------+-------------------------------+-----
Conjurations   | 1 2 3 4 5 6 |  6.0
Fire Magic     | 2 3 4 5 |  5.0
Air Magic      | 1 2 3 4 |  4.3
Dodging        | 2 3 4 |  4.5
Fighting       | 1 3 4 |  4.8
Armour         | 1 2 4 |  4.8
Necromancy     | 1 3 |  3.4
Spellcasting   | 4 |  4.1
Stealth        | |  2.4
Summonings     | |  1.0
Translocations | |  0.8

Action                   |  1- 3 |  4- 6 |  7- 9 | 10-12 || total
-------------------------+-------+-------+-------+-------++-------
Melee: Club              |     8 |       |       |       ||     8
       Spear             |     4 |   171 |   349 |    36 ||   560
       Flail             |       |    11 |    32 |       ||    43
       Dagger            |       |       |     1 |       ||     1
 Fire: Hunting sling     |       |       |    73 |     1 ||    74
Throw: Boomerang         |     3 |     1 |       |       ||     4
       Dart              |       |       |       |     2 ||     2
 Cast: Magic Dart        |    62 |    41 |    81 |     2 ||   186
       Mephitic Cloud    |     2 |     8 |    29 |    12 ||    51
       Conjure Flame     |       |     2 |    18 |     3 ||    23
 Abil: Dig               |     4 |     6 |     7 |     3 ||    20
  Use: Scroll            |       |     2 |     1 |       ||     3
 Stab: Sleeping          |       |     3 |     2 |       ||     5
       Confused          |       |     2 |     8 |     6 ||    16
       Distracted        |       |     1 |       |       ||     1
  Eat: Chunk             |     3 |     9 |    18 |     4 ||    34
Armor: Robe              |     9 |    16 |    67 |     9 ||   101
Dodge: Dodged            |    33 |    78 |   177 |    18 ||   306
